 Dungeon Crawl Stone Soup version 0.30-a0-137-gd8773701ce (webtiles) character file.

Game seed: 3304024692029083263

9104 ragingrage the Protected (level 11, -1/84 HPs)
             Began as a Gnoll Wanderer on Sept 23, 2022.
             Was a High Priest of Cheibriados.
             Killed by an exploding unseen horror zombie (22 damage)
             ... ignited by their inner flame
             ... on level 10 of the Dungeon.
             The game lasted 00:11:16 (12547 turns).

ragingrage the Protected (Gnoll Wanderer)          Turns: 12547, Time: 00:11:17

Health: -1/84      AC: 13    Str: 20    XL:     11   Next: 41%
Magic:  21/21      EV: 15    Int: 28    God:    Cheibriados [*****.]
Gold:   794        SH: 12    Dex: 24    Spells: 21/24 levels left

rFire   + . .      SeeInvis .    b - +8 lance "Wyrmbane" {slay drac, rPois rF+ rC+ AC+3}
rCold   + . .      Faith    +    r - +0 kite shield
rNeg    . . .      Spirit   .    A - +0 acid dragon scales
rPois   +          Reflect  .    K - +0 hat
rElec   .          Harm     .    L - +0 cloak
rCorr   +          Rampage  .    (no gloves)
Will    .....                    (no boots)
Stlth   ++++......               E - amulet of faith
HPRegen 0.24/turn                J - ring of flight
MPRegen 0.17/turn                (no ring)

@: flying, very slow
A: fangs 2, strong nose, distributed training, antennae 1
a: Renounce Religion, Bend Time, Temporal Distortion, Slouch, Step From Time


You were on level 10 of the Dungeon.
You worshipped Cheibriados.
Cheibriados was extremely pleased with you.
You visited 2 branches of the dungeon, and saw 12 of its levels.
You also visited: Ossuary.

You collected 794 gold pieces.

Inventory:

Hand Weapons
 a - the +10 whip of Intimidation {freeze, rElec Will+ Str+3}
   (You found it on level 2 of the Dungeon)

   It freezes those it strikes, dealing additional cold damage.
   It can also slow down cold-blooded creatures.
   Str:       It affects your strength (+3).
   rElec:     It insulates you from electricity.
   Will:      It increases your willpower.
 b - the +8 lance "Wyrmbane" (weapon) {slay drac, rPois rF+ rC+ AC+3}
   (You took it off an orc on level 7 of the Dungeon)

   It inflicts extra damage against dragons and draconians.
   AC:        It affects your AC (+3).
   rF:        It protects you from fire.
   rC:        It protects you from cold.
   rPois:     It protects you from poison.
 j - a +1 morningstar of flaming
Missiles
 p - a throwing net
 B - 31 poisoned darts
 D - a curare-tipped dart
Armour
 c - a +2 scale mail
 r - a +0 kite shield (worn)
 A - +0 acid dragon scales (worn)
 K - a +0 hat (worn)
 L - a +0 cloak (worn)
Jewellery
 E - an amulet of faith (around neck)
 J - a ring of flight (left hand)
Wands
 g - a wand of iceblast (4)
 s - a wand of quicksilver (4)
 M - a wand of polymorph (7)
Scrolls
 d - 2 scrolls of teleportation
 e - 2 scrolls of butterflies {unknown}
 f - 2 scrolls of immolation
 h - 2 scrolls of noise {unknown}
 k - 2 scrolls of magic mapping {unknown}
 o - a scroll of enchant armour {unknown}
 q - 3 scrolls of blinking {unknown}
 v - a scroll of amnesia {unknown}
 x - 3 scrolls of identify {unknown}
 y - a scroll of fear
 F - a scroll of enchant weapon {unknown}
Potions
 i - 3 potions of attraction
 l - 4 potions of flight
 m - 5 potions of might
 n - a potion of lignification
 u - a potion of resistance
 w - 4 potions of curing {unknown}
 z - 2 potions of heal wounds {unknown}
 C - a potion of brilliance
 G - a potion of berserk rage {unknown}
 H - 2 potions of cancellation {unknown}


   Skills:
 + Level 7.0 Fighting
 + Level 6.5 Short Blades
 + Level 6.5 Long Blades
 + Level 6.5 Axes
 + Level 6.5 Maces & Flails
 + Level 6.5 Polearms
 + Level 6.5 Staves
 + Level 6.5 Ranged Weapons
 + Level 8.0 Throwing
 + Level 10.7 Armour
 + Level 6.5 Dodging
 + Level 6.5 Stealth
 + Level 6.5 Shields
 + Level 6.5 Unarmed Combat
 + Level 7.1 Spellcasting
 + Level 5.4 Conjurations
 + Level 5.4 Hexes
 + Level 5.4 Summonings
 + Level 5.4 Necromancy
 + Level 6.7 Translocations
 + Level 5.4 Transmutations
 + Level 5.4 Fire Magic
 + Level 5.4 Ice Magic
 + Level 5.4 Air Magic
 + Level 5.4 Earth Magic
 + Level 5.4 Poison Magic
 + Level 7.1 Invocations
 + Level 6.5 Evocations


You had 21 spell levels left.
You knew the following spells:

 Your Spells              Type           Power      Damage    Failure   Level
a - Apportation           Tloc           94%        N/A       1%          1
b - Poisonous Vapours     Pois/Air       80%        N/A       2%          2

Your spell library contained the following spells:

 Spells                   Type           Power      Damage    Failure   Level
 Shock                    Conj/Air       100%       1d9       1%          1
 Cigotuvi's Dreadful Rot  Necr/Pois/Air  80%        N/A       2%          2
 Lesser Beckoning         Tloc           47%        N/A       3%          3
 Swiftness                Air            40%        N/A       5%          3
 Airstrike                Air            20%        2d(3-19)  19%         4
 Leda's Liquefaction      Hex/Erth       20%        N/A       19%         4
 Lee's Rapid Deconstruct  Erth           20%        3d13*     45%         5
 Statue Form              Tmut/Erth      26%        N/A       96%         6


Dungeon Overview and Level Annotations

Branches:
Dungeon (11/15)            Temple (1/1) D:5            Lair (0/5) D:9
    Orc (0/2) D:9         Ossuary (visited)

Altars:
Cheibriados
Dithmenos
Elyvilon
Fedhas
Gozag
Hepliaklqana
Makhleb
Nemelex Xobeh
Okawaru
Qazlal
Sif Muna
Trog
Uskayaw
Vehumet
Xom
Zin
The Shining One

Annotations:
D:10 1 runed translucent door, juncz's ghost, journeyman DjCj


Innate Abilities, Weirdness & Mutations

You have extremely sharp teeth.
Your uncanny sense of smell can sniff out nearby items.
Your experience applies equally to all skills.
You have a pair of small antennae on your head.


Message History

The unseen horror zombie hits you but does no damage.
The unseen horror zombie is engulfed in blazing flames.
Flame seeps out of the unseen horror zombie.
You block the unseen horror zombie's attack.
The unseen horror zombie is engulfed in blazing flames.
Flame seeps out of the unseen horror zombie.
The unseen horror zombie hits you. You block the yak's attack.
The yak gores you!
You hit the unseen horror zombie but do no damage.
The unseen horror zombie is severely damaged.
The unseen horror zombie is engulfed in blazing flames.
Flame seeps out of the unseen horror zombie.
The unseen horror zombie hits you.
The unseen horror zombie is engulfed in blazing flames.
Flame seeps out of the unseen horror zombie.
The unseen horror zombie barely misses you.
The unseen horror zombie is engulfed in blazing flames.
Flame seeps out of the unseen horror zombie.
You block the unseen horror zombie's attack.
The yak gores you!
* * * LOW HITPOINT WARNING * * *
The yak closely misses you.
Okay, then.
As you read the scroll of fear, it crumbles to dust.
You assume a fearsome visage.
The unseen horror zombie is unaffected.
The yak looks frightened! x6
The unseen horror zombie is engulfed in blazing flames.
Cheibriados thoroughly appreciates the change of pace.
The unseen horror zombie explodes!
The fiery explosion engulfs the yak!!
The yak is almost dead.
Your attack snaps the yak out of its fear.
The fiery explosion engulfs the yak!!
Flame seeps out of the yak.
The yak is severely wounded.
Your attack snaps the yak out of its fear.
The fiery explosion engulfs the yak!
Flame seeps out of the yak.
The yak is moderately wounded.
Your attack snaps the yak out of its fear.
The fiery explosion engulfs you!! You resist.
You die...

..... ...... . ......###
..# ........> ...
#######.### ... ..
#.....#... ....#. #.
#..$..#.Y####...... #.
#.$_..'§Y@Y.#....# .##.
#..$..#§°##.#....# ## ....
#.....#YYZZ......# ......
#######.Y........####..##.
........#..............##.
#.......###.#....##.#..##.
....##.................#..
.... #.######....##.#.....
... #. #####..........#..


You could see 6 yaks.

Vanquished Creatures
  Gastronok (D:9)
  A two-headed ogre (D:10)
  Maggie (D:7)
  An unseen horror (D:10)
  4 unseen horror zombies
  6 slime creatures (D:10)
  2 wyverns
  A yak (D:10)
  A wraith (D:10)
  Duvessa (D:7)
  2 water moccasins
  5 orc warriors
  A black bear (D:4)
  3 ice beasts (D:6)
  A sky beast (D:7)
  3 ogres
  2 centaurs
  A kobold brigand (D:7)
  A gnoll sergeant (D:7)
  2 bullfrogs
  2 scorpions
  A necrophage (D:10)
  9 wights (D:8)
  Dowan (D:7)
  15 killer bees
  A howler monkey (D:10)
  2 centaur zombies (D:8)
  6 orc priests
  2 hounds
  2 jellies
  A human zombie (D:10)
  An iguana (D:7)
  8 orc wizards
  Natasha (thrice) (D:3)
  A howler monkey zombie (D:8)
  8 mummies (Ossuary)
  13 gnolls
  9 adders
  2 white imps
  3 worms
  A dart slug (D:2)
  36 orcs
  8 ball pythons
  7 endoplasms
  4 giant cockroaches
  2 gnoll zombies (Ossuary)
  2 goblins
  5 hobgoblins
  6 jackals
  11 kobolds
  3 quokkas
  3 frilled lizards
  2 hobgoblin zombies (Ossuary)
  A kobold zombie (Ossuary)
  3 orc zombies (Ossuary)
  2 rats
226 creatures vanquished.

Vanquished Creatures (others)
  4 fungi (D:9)
  7 plants
  4 withered plants (D:8)
15 creatures vanquished.

Grand Total: 241 creatures vanquished

Notes
Turn   | Place    | Note
-------+----------+-------------------------------------------
     0 | D:1      | ragingrage the Gnoll Wanderer began the quest for the Orb.
     0 | D:1      | ragingrage set off with the following items: a +0 dagger,
                  | 12 poisoned darts, a +2 scale mail, a scroll of
                  | teleportation; and the following spell memorised:
                  | Apportation; and the following spells available to
                  | memorise: Lesser Beckoning.
     0 | D:1      | Reached XP level 1. HP: 17/17 MP: 4/4
   302 | D:1      | Reached XP level 2. HP: 20/23 MP: 5/5
  1150 | D:2      | Reached XP level 3. HP: 25/28 MP: 7/7
  1151 | D:2      | Identified the +10 whip of Intimidation {freeze, rElec
                  | Will+ Str+3}
  1241 | D:1      | Reached skill level 1 in Invocations
  1456 | D:2      | Reached skill level 1 in Short Blades
  1456 | D:2      | Reached skill level 1 in Long Blades
  1456 | D:2      | Reached skill level 1 in Axes
  1456 | D:2      | Reached skill level 1 in Maces & Flails
  1456 | D:2      | Reached skill level 1 in Polearms
  1456 | D:2      | Reached skill level 1 in Staves
  1456 | D:2      | Reached skill level 1 in Ranged Weapons
  1456 | D:2      | Reached skill level 1 in Dodging
  1456 | D:2      | Reached skill level 1 in Stealth
  1456 | D:2      | Reached skill level 1 in Shields
  1456 | D:2      | Reached skill level 1 in Unarmed Combat
  1456 | D:2      | Reached skill level 1 in Evocations
  1655 | D:2      | Found a faded altar of an unknown god.
  1784 | D:2      | Reached XP level 4. HP: 34/34 MP: 8/8
  1941 | D:3      | Noticed a water moccasin
  1945 | D:3      | Killed a water moccasin
  1946 | D:3      | Reached skill level 1 in Conjurations
  1946 | D:3      | Reached skill level 1 in Hexes
  1946 | D:3      | Reached skill level 1 in Summonings
  1946 | D:3      | Reached skill level 1 in Necromancy
  1946 | D:3      | Reached skill level 1 in Transmutations
  1946 | D:3      | Reached skill level 1 in Fire Magic
  1946 | D:3      | Reached skill level 1 in Ice Magic
  1946 | D:3      | Reached skill level 1 in Air Magic
  1946 | D:3      | Reached skill level 1 in Earth Magic
  1946 | D:3      | Reached skill level 1 in Poison Magic
  1946 | D:3      | Reached XP level 5. HP: 41/41 MP: 9/9
  2031 | D:3      | Found a glowing golden altar of the Shining One.
  2321 | D:3      | Noticed Natasha
  2328 | D:3      | Killed Natasha
  2405 | D:3      | Reached XP level 6. HP: 47/47 MP: 11/11
  2462 | D:3      | Noticed Natasha
  2473 | D:3      | Killed Natasha
  2518 | D:3      | Reached skill level 5 in Throwing
  2662 | D:3      | Found a shimmering altar of Xom.
  2730 | D:3      | Noticed Natasha
  2736 | D:3      | Killed Natasha
  3097 | D:4      | Found a sparkling altar of Nemelex Xobeh.
  3100 | D:4      | Found a shimmering blue altar of Sif Muna.
  3391 | D:4      | Noticed a black bear
  3399 | D:4      | Killed a black bear
  3400 | D:4      | Reached XP level 7. HP: 52/52 MP: 12/12
  3776 | D:5      | Entered Level 5 of the Dungeon
  4078 | D:5      | Reached skill level 9 in Armour
  4193 | D:5      | Found a white marble altar of Elyvilon.
  4601 | D:5      | Found a staircase to the Ecumenical Temple.
  4612 | Temple   | Entered the Ecumenical Temple
  4630 | Temple   | Became a worshipper of Cheibriados the Contemplative
  4665 | D:5      | Reached XP level 8. HP: 37/60 MP: 14/14
  5325 | D:6      | Found an iron altar of Okawaru.
  6007 | D:6      | Learned a level 2 spell: Poisonous Vapours
  6389 | D:6      | Reached skill level 5 in Translocations
  6390 | D:6      | Reached * piety under Cheibriados
  6642 | D:7      | Reached XP level 9. HP: 65/66 MP: 16/16
  6742 | D:7      | Reached skill level 5 in Spellcasting
  6822 | D:7      | Noticed Duvessa
  6822 | D:7      | Noticed Dowan
  6828 | D:7      | Killed Dowan
  6830 | D:7      | Killed Duvessa
  6831 | D:7      | Reached skill level 5 in Fighting
  6965 | D:7      | Noticed Maggie
  6982 | D:7      | Killed Maggie
  7459 | D:7      | Reached skill level 5 in Invocations
  7636 | D:7      | Found a radiant altar of Vehumet.
  8150 | D:7      | Reached ** piety under Cheibriados
  8381 | D:8      | Found a sand-covered staircase.
  8387 | Ossuary  | Entered an ossuary
  8740 | D:8      | Reached skill level 5 in Short Blades
  8740 | D:8      | Reached skill level 5 in Long Blades
  8740 | D:8      | Reached skill level 5 in Axes
  8740 | D:8      | Reached skill level 5 in Maces & Flails
  8740 | D:8      | Reached skill level 5 in Polearms
  8740 | D:8      | Reached skill level 5 in Staves
  8740 | D:8      | Reached skill level 5 in Ranged Weapons
  8740 | D:8      | Reached skill level 5 in Dodging
  8740 | D:8      | Reached skill level 5 in Stealth
  8740 | D:8      | Reached skill level 5 in Shields
  8740 | D:8      | Reached skill level 5 in Unarmed Combat
  8740 | D:8      | Reached skill level 5 in Evocations
  8740 | D:8      | Reached XP level 10. HP: 76/76 MP: 18/18
  8751 | D:8      | Reached skill level 10 in Armour
  8848 | D:8      | Identified the +5 dagger "Siarph" {venom, Str+4 Int+6
                  | Stlth-}
  9017 | D:8      | Reached *** piety under Cheibriados
  9524 | D:8      | Found a hazy altar of Hepliaklqana.
  9528 | D:8      | Found a shadowy altar of Dithmenos.
  9750 | D:9      | Reached **** piety under Cheibriados
 10074 | D:9      | Found a staircase to the Orcish Mines.
 10116 | D:9      | Found a staircase to the Lair.
 10254 | D:9      | Found a blossoming altar of Fedhas.
 10385 | D:9      | Noticed Gastronok
 10413 | D:9      | Killed Gastronok
 11263 | D:10     | Entered Level 10 of the Dungeon
 11266 | D:10     | Noticed a two-headed ogre
 11279 | D:10     | Killed a two-headed ogre
 11280 | D:10     | Reached skill level 5 in Conjurations
 11280 | D:10     | Reached skill level 5 in Hexes
 11280 | D:10     | Reached skill level 5 in Summonings
 11280 | D:10     | Reached skill level 5 in Necromancy
 11280 | D:10     | Reached skill level 5 in Transmutations
 11280 | D:10     | Reached skill level 5 in Fire Magic
 11280 | D:10     | Reached skill level 5 in Ice Magic
 11280 | D:10     | Reached skill level 5 in Air Magic
 11280 | D:10     | Reached skill level 5 in Earth Magic
 11280 | D:10     | Reached skill level 5 in Poison Magic
 11280 | D:10     | Reached XP level 11. HP: 60/83 MP: 19/21
 11784 | D:10     | Found a runed translucent door.
 11785 | D:10     | Noticed juncz's ghost (journeyman DjCj)
 11785 | D:10     | Identified the +3 trident of Crawling {antimagic, Contam
                  | Drain Int+8 Stlth+}
 12218 | D:10     | Reached ***** piety under Cheibriados
 12322 | D:10     | Gained mutation: You have a pair of small antennae on your
                  | head. [potion of mutation]
 12322 | D:10     | Gained mutation: You have extremely sharp teeth. [potion of
                  | mutation]
 12524 | D:10     | Found an opulent altar of Gozag.
 12547 | D:10     | Killed by an exploding unseen horror zombie... ignited by
                  | their inner flame

Illustrated notes

Levels and vault maps discovered:
D:1:      dpeg_arrival_arbitrary_a, layout_rooms
D:2:      layout_basic, dreamdust_ecumenical_altar_hidden_monk_grotto
D:3:      cheibrodos_helix_gallery, layout_basic, xom_butterflies,
          nicolae_tso_carved_into_rock, uniq_natasha
D:4:      layout_gridville, nicolae_overflow_squiral
D:5:      layout_gridville, old_standard_altar,
          minmay_temple_entry_stoned_glass, minmay_misc_feat_room,
          kennysheep_pointless_box
D:6:      layout_basic, nicolae_overflow_crystal_walls
D:7:      layout_cave_pods, kennysheep_mini_moat, uniq_duvessa, uniq_maggie
D:8:      layout_loops_ring, riverfiend_overflow_shadow_ancestor, serial_undead,
          serial_undead_c, serial_undead_d, serial_undead_b, serial_undead_b,
          lightli_ossuary_entry_decrepit_ruins
D:9:      layout_loops_ring, fedhas_altar_fruit_tree, dpeg_oklobed_lair,
          david_orc_4, uniq_gastronok
D:10:     layout_basic, amcnicky_altar_gilded, ashenzari_conservatory_becter,
          lemuel_mausoleum_altar_kikubaaqudgha, grunt_temple_overflow_diamond,
          ebering_ghost_funeral_grove, serial_shops, kennysheep_little_box,
          nicolae_shop_temple_entry_statues_fountains
D:11:     layout_small_grid, ebering_ghost_rock_garden, kennysheep_donut,
          hangedman_decor_growths, nicolae_transporter_intersection
Temple:   hellmonk_temple_rainy

Skill      XL: |  1  2  3  4  5  6  7  8  9 10 11 |
---------------+----------------------------------+-----
Invocations    | 1 2 3 4 5 6 7 |  7.1
Short Blades   | 1 2 3 5 6 |  6.5
Long Blades    | 1 2 3 5 6 |  6.5
Axes           | 1 2 3 5 6 |  6.5
Maces & Flails | 1 2 3 5 6 |  6.5
Polearms       | 1 2 3 5 6 |  6.5
Staves         | 1 2 3 5 6 |  6.5
Ranged Weapons | 1 2 3 5 6 |  6.5
Dodging        | 1 2 3 5 6 |  6.5
Stealth        | 1 2 3 5 6 |  6.5
Shields        | 1 2 3 5 6 |  6.5
Unarmed Combat | 1 2 3 5 6 |  6.5
Evocations     | 1 2 3 5 6 |  6.5
Fighting       | 3 4 5 6 7 |  7.0
Spellcasting   | 3 4 5 6 7 |  7.1
Conjurations   | 1 2 3 4 5 |  5.4
Hexes          | 1 2 3 4 5 |  5.4
Summonings     | 1 2 3 4 5 |  5.4
Necromancy     | 1 2 3 4 5 |  5.4
Translocations | 4 5 6 |  6.7
Transmutations | 1 2 3 4 5 |  5.4
Fire Magic     | 1 2 3 4 5 |  5.4
Ice Magic      | 1 2 3 4 5 |  5.4
Air Magic      | 1 2 3 4 5 |  5.4
Earth Magic    | 1 2 3 4 5 |  5.4
Poison Magic   | 1 2 3 4 5 |  5.4
Throwing       | 5 6 7 8 |  8.0
Armour         | 9 10 | 10.7

Action                   |  1- 3 |  4- 6 |  7- 9 | 10-12 || total
-------------------------+-------+-------+-------+-------++-------
Melee: Dagger            |   139 |       |       |       ||   139
       Bite              |    18 |     5 |    23 |    41 ||    87
       Punch             |     3 |       |     3 |       ||     6
       Whip              |    12 |    85 |   254 |    73 ||   424
       Lance             |       |       |     8 |   217 ||   225
       Unarmed           |       |       |       |     1 ||     1
Throw: Dart              |     2 |     4 |       |     1 ||     7
       Boomerang         |       |       |       |     1 ||     1
 Cast: Poisonous Vapours |       |       |     2 |    15 ||    17
Evoke: Wand              |       |       |     3 |     1 ||     4
  Use: Scroll            |       |     2 |       |     2 ||     4
       Potion            |       |       |     5 |     3 ||     8
 Stab: Distracted        |       |       |       |     3 ||     3
       Sleeping          |       |       |       |     2 ||     2
Armor: Scale mail        |    83 |    36 |    54 |       ||   173
       Acid dragon scale |       |       |    26 |    73 ||    99
       Skin              |       |       |     6 |       ||     6
Dodge: Dodged            |    65 |    24 |   114 |   126 ||   329
Block: Kite shield       |       |       |    84 |   155 ||   239

Table legend: (Time is in decaauts)
 A = Elapsed time spent in this place.
 B = Non-inter-level travel time spent in this place.
 C = Inter-level travel time spent in this place.
 D = Time resting spent in this place.
 E = Time spent auto-exploring this place.
 F = Levels seen in this place.
 G = Mean time per level.
                   A        B        C        D        E       F      G
               +--------+--------+--------+--------+--------+-----+--------+
         Total |  14493 |  13744 |    749 |   3030 |   8567 |  13 | 1114.8 |
       Dungeon |  14087 |  13350 |    737 |   2953 |   8359 |  11 | 1280.6 |
        Temple |     31 |     19 |     12 |      0 |     10 |   1 |   31.0 |
       Ossuary |    374 |    374 |      0 |     77 |    197 |   1 |  374.0 |
               +--------+--------+--------+--------+--------+-----+--------+

Top non-repeatable levels by time:
     D:9: 2075 daAuts
     D:6: 2070 daAuts
     D:7: 2051 daAuts
    D:10: 1482 daAuts
     D:8: 1331 daAuts
     D:2: 1182 daAuts
     D:3: 1130 daAuts
     D:4: 1045 daAuts
     D:5: 999 daAuts
     D:1: 715 daAuts
 Ossuary: 374 daAuts
  Temple: 31 daAuts
    D:11: 2 daAuts
